Unix NetHack Version 3.7.0-102 Work-in-progress - last build Apr 6 2024 13:22:21 (d302a6a9ff6341f1a922d8f5af178406b35fdf99,branch:master). Game began 2024-05-05 08:59:30, ended 2024-05-05 10:43:35. farfar, neutral female human Archeologist -------- S@ ....| |d.....-## |......| # |.....>)## |......|##### -------- ### ## ... Farfar the Field Worker St:12 Dx:8 Co:12 In:17 Wi:18 Ch:10 Neutral S:4082 Dlvl:8 $:176 HP:0(39) Pw:36(36) AC:7 Xp:5/315 T:2151 Latest messages: n - a long sword (alternate weapon; not wielded). You start digging. You hit the rock with all your might. You stop digging. You continue digging. You hit the rock with all your might. Piotr misses wintergalaxy88's ghost. You stop digging. Piotr misses wintergalaxy88's ghost. You swap places with Piotr. Piotr bites wintergalaxy88's ghost. Wintergalaxy88's ghost touches Piotr. Piotr bites wintergalaxy88's ghost. Wintergalaxy88's ghost touches Piotr. You see the snake slither under a forked wand. Piotr misses wintergalaxy88's ghost. Wait! There's a snake hiding under a wand called forked 100z! The snake bites! Piotr misses wintergalaxy88's ghost. You miss the snake. Piotr drops a kobold lady corpse. Piotr misses wintergalaxy88's ghost. The snake bites! The snake's bite was poisoned! Piotr misses wintergalaxy88's ghost. You feel more confident in your weapon skills. You hit the snake. The snake turns to flee. The snake bites! Piotr misses wintergalaxy88's ghost. You miss the snake. The snake bites! Piotr misses wintergalaxy88's ghost. You miss the snake. Wintergalaxy88's ghost touches you! The snake bites! Piotr misses wintergalaxy88's ghost. What do you want to drink? [mopCJS or ?*] You feel better. Your movements are now unencumbered. The snake bites! Piotr bites wintergalaxy88's ghost. Wintergalaxy88's ghost misses Piotr. You hit the snake. The snake bites! The snake's bite was poisoned! You hear the wailing of the Banshee... You die... Do you want your possessions identified? [ynq] (y) Do you want to see your attributes? [ynq] (y) Inventory: Coins $ - 176 gold pieces Weapons n - a +0 long sword (alternate weapon; not wielded) Armor c - a blessed +0 fedora (being worn) v - an uncursed +0 pair of speed boots (being worn) u - an uncursed +0 cloak of displacement (being worn) b - an uncursed +0 leather jacket (being worn) Comestibles Y - an uncursed carrot s - 2 uncursed cram rations L - 3 uncursed cream pies j - an uncursed eucalyptus leaf d - 4 uncursed food rations Z - 2 uncursed fortune cookies a - 2 uncursed tripe rations Scrolls f - an uncursed scroll of enchant weapon x - an uncursed scroll of genocide r - an uncursed scroll of light Potions m - a blessed potion of booze o - an uncursed potion of confusion J - an uncursed potion of hallucination S - a cursed potion of healing p - an uncursed potion of oil C - an uncursed potion of sleeping Rings q - a cursed ring of teleportation named cursed Wands X - a blessed wand of cold (0:3) k - a wand of digging (0:5) B - a wand of fire (0:2) P - a wand of locking (0:6) O - a cursed wand of polymorph (0:7) Tools h - an uncursed sack containing 1 item E - an uncursed lock pick i - an uncursed oil lamp T - a cursed oil lamp e - a +0 pick-axe (weapon in right hand) Gems/Stones l - 2 uncursed jade stones g - an uncursed touchstone Contents of the sack: 2206 gold pieces Farfar the Archeologist's attributes: Background: You were a Field Worker, a level 5 female human Archeologist. You were neutral, nominally on a mission for Camaxtli who was opposed by Quetzalcoatl (lawful) and Huhetotl (chaotic). You were right-handed. You were in the Dungeons of Doom, on level 8. You entered the dungeon 2151 turns ago. You had 315 experience points, 5 more were needed to attain level 6. Your score was 4082 before end-of-game adjustments. Basics: You had 0 out of 39 hit points. You had all 36 energy points (spell power). Your armor class was 7. Your wallet contained 176 zorkmids, and you had 2206 more stashed away in your pack. Autopickup was off. Final Characteristics: Your strength was 12 (limit:18/100). Your dexterity was 8 (limit:18). Your constitution was 12 (limit:18). Your intelligence was 17 (limit:18). Your wisdom was 18 (limit:18). Your charisma was 10 (limit:18). Final Status: You weren't hungry. You were unencumbered. You were wielding a pick-axe. You had basic skill with pick-axe and could have enhanced that. Final Attributes: You were piously aligned. You had automatic searching. You were displaced. You were stealthy. You were warded. You were very fast. You are dead. Miscellaneous: You encountered 1 bones level. Total elapsed playing time was 46 minutes and 49 seconds. Major events: Turn 1: farfar the neutral female human Archeologist entered the dungeon 518: entered the Gnomish Mines 780: attained the rank of Field Worker (level 3) 2151: killed by a snake Vanquished creatures: a small mimic a leprechaun a lizard a fire ant 2 Mordor orcs a gnome leader a little dog a kobold leader a giant bat 3 dwarf zombies a hobbit a hobgoblin 3 giant rats a green mold a red mold a gnome zombie 5 geckos 5 jackals a fox 2 goblins 2 grid bugs a bat 5 lichens 6 newts 48 creatures vanquished. No species were genocided or became extinct. Voluntary challenges: You were an atheist. You read items or engraved 8 times. You never engraved Elbereth. You never genocided any monsters. You never polymorphed an object. You never changed form. You used no wishes. Achievements: You entered the Gnomish Mines. You entered a shop. You attained the rank of Field Worker. The Dungeons of Doom: levels 1 to 9 Level 1: A fountain. Level 2: Stairs down to The Gnomish Mines. Level 3: Some fountains. Level 4: Level 5: Level 6: Level 8: <- You were here. Final resting place for you, killed by a snake, wintergalaxy88-Val-Hum-Fem-Neu, killed by a snake. Level 9: The Gnomish Mines: Level 3: Game over: ---------- / \ / REST \ / IN \ / PEACE \ / \ | farfar | | 2382 Au | | killed by a | | snake | | | | | | 2024 | *| * * * | * _________)/\\_//(\/(/\)/\//\/|_)_______ Goodbye farfar the Archeologist... You died in The Dungeons of Doom on dungeon level 8 with 3844 points, and 2382 pieces of gold, after 2151 moves. You were level 5 with a maximum of 39 hit points when you died.